 Dungeon Crawl Stone Soup version 0.28.0 (webtiles) character file.

Game seed: 12649034667177919869

28 SnakkuSnakku7 the Skirmisher (level 3, 0/34 HPs)
             Began as a Hill Orc Delver on Feb 6, 2022.
             Slain by an adder (1 damage)
             ... on level 5 of the Dungeon.
             The game lasted 00:00:41 (346 turns).

SnakkuSnakku7 the Skirmisher (Hill Orc Delver)       Turns: 346, Time: 00:00:42

Health: 0/34       AC:  3    Str: 16    XL:     3   Next: 14%
Magic:  3/3        EV: 11    Int: 10    God:
Gold:   9          SH:  0    Dex: 12    Spells: 2/2 levels left

rFire   . . .      SeeInvis .   a - +0 hand axe
rCold   . . .      Faith    .   (no shield)
rNeg    . . .      Spirit   .   b - +0 leather armour
rPois   .          Reflect  .   (no helmet)
rElec   .          Harm     .   (no cloak)
rCorr   .          Rampage  .   (no gloves)
Will    .....                   (no boots)
Stlth   ++........              (no amulet)
HPRegen 0.11/turn               (no ring)
MPRegen 0.08/turn               (no ring)

@: no status effects
A: no striking features
a: no special abilities


You were on level 5 of the Dungeon.
You visited 1 branch of the dungeon, and saw 1 of its levels.

You collected 9 gold pieces.

Inventory:

Hand Weapons
 a - a +0 hand axe (weapon)
Armour
 b - a +0 leather armour (worn)
Wands
 g - a wand of digging (3)
Scrolls
 c - a scroll of fog
 d - a scroll of magic mapping
 e - 2 scrolls of fear
Potions
 f - a potion of haste


   Skills:
 + Level 4.4 Fighting
 + Level 3.8 Axes
 - Level 1.5 Dodging
 - Level 4.1 Stealth


You had 2 spell levels left.
You didn't know any spells.
Your spell library was empty.

Dungeon Overview and Level Annotations

Branches:
Dungeon (5/15)
 Temple: D:4-7

Altars:
Nemelex Xobeh


Message History

You are poisoned.
The adder poisons you!
There is an open door here.
You completely miss the adder.
You feel sick. The adder bites you.
You are more poisoned.
The adder poisons you! The adder bites you.
You hit the adder.
The adder is lightly wounded.
You feel sick. The adder bites you.
You closely miss the adder.
The adder is lightly wounded.
You feel sick. The adder bites you.
You completely miss the adder.
The adder is lightly wounded.
You feel sick. The adder bites you but does no damage. The adder bites you.
You closely miss the adder.
The adder is lightly wounded.
You feel sick. The adder closely misses you.
You miss the adder. You punch the adder, but do no damage.
The adder is lightly wounded.
You feel sick.
The adder bites you but does no damage. x2
You hit the adder.
The adder is severely wounded.
You feel sick. The adder bites you.
* * * LOW HITPOINT WARNING * * *
You completely miss the adder.
The adder is severely wounded.
You feel sick. The adder bites you.
* * * LOW HITPOINT WARNING * * *
The adder closely misses you.
You completely miss the adder.
The adder is severely wounded.
* * * LOW HITPOINT WARNING * * *
You feel sick.
You are no longer poisoned.
The adder bites you but does no damage.
You barely miss the adder.
The adder is severely wounded.
The adder bites you.
You die...

... +.....# ...
#.....# .. #.....# ..
#.....#
#.###.....######+##
####.#...............#
#....#...............+
#...S@...............#
+....#.............>.#
#....#...............#
#....#...............#
#....#...............#
###+##...............#
........##'######+##
........+.........
........#.........


You could see an adder.

Vanquished Creatures
  A centaur skeleton (D:5)
1 creature vanquished.

Notes
Turn   | Place    | Note
-------+----------+-------------------------------------------
     0 | D:5      | SnakkuSnakku7 the Hill Orc Delver began the quest for the
                  | Orb.
     0 | D:5      | Reached XP level 1. HP: 19/19 MP: 1/1
    29 | D:5      | Found a sparkling altar of Nemelex Xobeh.
    81 | D:5      | Reached XP level 2. HP: 5/28 MP: 2/2
    81 | D:5      | Reached XP level 3. HP: 7/34 MP: 3/3
   345 | D:5      | HP: 1/34 [poisoned by an adder]
   346 | D:5      | Slain by an adder

Illustrated notes

Levels and vault maps discovered:
D:5:      layout_gridville, general_overflow_altar, uniq_duvessa, uniq_pikel

Skill      XL: |  1 |
---------------+----+-----
Fighting       | 4 |  4.4
Axes           | 3 |  3.8
Dodging        | |  1.5
Stealth        | |  4.1

Action                   || total
-------------------------++-------
Melee: Hand axe          ||    20
       Punch             ||     2
Armor: Leather armour    ||    13
Dodge: Dodged            ||    13
